 Dungeon Crawl Stone Soup version 0.30-a0-476-g330ca2eb8e (webtiles) character file.

Game seed: 8410106794912960654

193020 flotson the Fighter (level 18, -3/105 HPs)
             Began as a Demonspawn Delver on Dec 21, 2022.
             Was the Champion of Hepliaklqana.
             Slain by an Executioner (14 damage)
             ... on level 4 of the Abyss on Dec 22, 2022.
             The game lasted 01:12:28 (28767 turns).

flotson the Fighter (Demonspawn Delver)            Turns: 28767, Time: 01:12:29

Health: -3/105     AC: 36    Str: 27    XL:     18   Next: 5%
Magic:  0/28       EV: 18    Int: 10    God:    Hepliaklqana [******]
Gold:   865        SH: 17    Dex: 19    Spells: 25/31 levels left

rFire   + . .      SeeInvis .    b - +8 broad axe of Eblukeg {spect, rN+}
rCold   + . .      Faith    .    D - +1 kite shield {reflect}
rNeg    + + .      Spirit   +    c - +0 gold dragon scales
rPois   +          Reflect  +    Q - +1 hat "Kyseem" {Dex+3}
rElec   .          Harm     .    y - +4 cloak of Nyext {Drain Str+3 Dex+5}
rCorr   .          Rampage  .    F - +0 pair of gloves {Str+3}
Will    ++...                    (boots unavailable)
Stlth   ..........               L - amulet of guardian spirit
HPRegen 0.00/turn                h - ring "Zotubet" {Fly rN+ EV+4 Str+3}
MPRegen 0.21/turn                Y - +4 ring of evasion

@: sick, flying, unable to drink
A: reduced essence, hooves 3, rugged brown scales 2, icemail 2, torment
resistance 1, condensation shield, demonic magic 2, demonic willpower, [clumsy
2], [dopey 1], [frail 2], [weak 1], [inability to drink after injury 2]
a: Renounce Religion, Recall Ancestor, Ancestor Identity, Transference, Idealise


You were on level 4 of the Abyss.
You worshipped Hepliaklqana.
Hepliaklqana was exalted by your worship.
You visited 5 branches of the dungeon, and saw 26 of its levels.
You visited the Abyss 2 times.
You also visited: Gauntlet and Volcano.

You collected 2994 gold pieces.
You spent 2129 gold pieces at shops.

Inventory:

Hand Weapons
 a - the +9 staff of Olgreb {rPois∞}
   (You found it on level 6 of the Dungeon)

   If the wielder is skilled in Evocations, they can envenom those struck by it,
   dealing poison damage which bypasses armour.
   It enhances your poison magic.
   It grants immunity to poison.
   It can be activated via the 'a'bility menu to radiate toxic energy, with
   effectiveness depending on Evocations skill.
 b - the +8 broad axe of Eblukeg (weapon) {spect, rN+}
   (You took it off a minotaur in a Gauntlet)

   When its wielder attacks, the weapon's spirit leaps out and strikes again.
   The spirit shares a part of any damage it takes with its wielder.
   rN:        It protects you from negative energy.
Missiles
 e - 6 curare-tipped darts
 A - 3 javelins (quivered)
 I - 3 silver javelins
 T - 4 throwing nets
 W - 5 silver boomerangs
 Z - 12 boomerangs
Armour
 c - +0 gold dragon scales (worn)
 u - a scarf of invisibility
 y - the +4 cloak of Nyext (worn) {Drain Str+3 Dex+5}
   (You bought it in a shop on level 2 of the Dungeon)

   Str:       It affects your strength (+3).
   Dex:       It affects your dexterity (+5).
   Drain:     It drains your maximum health when unequipped.
 D - a +1 kite shield of reflection (worn)
 F - a +0 pair of gloves of strength (worn)
 Q - the +1 hat "Kyseem" (worn) {Dex+3}
   (You found it on level 10 of the Dungeon)

   Dex:       It affects your dexterity (+3).
Jewellery
 h - the ring "Zotubet" (left hand) {Fly rN+ EV+4 Str+3}
   (You found it on level 1 of the Orcish Mines)

   [ring of evasion]

   EV:        It affects your evasion (+4).
   Str:       It affects your strength (+3).
   rN:        It protects you from negative energy.
   Fly:       It grants you flight.
 L - an amulet of guardian spirit (around neck)
 Y - a +4 ring of evasion (right hand)
Wands
 g - a wand of digging (3)
 i - a wand of iceblast (12)
 q - a wand of quicksilver (23)
 t - a wand of flame (11)
 v - a wand of mindburst (29)
 C - a wand of paralysis (4)
 J - a wand of polymorph (8)
Scrolls
 l - a scroll of blinking
 n - 2 scrolls of immolation
 o - 3 scrolls of torment
 r - 3 scrolls of vulnerability
 s - 4 scrolls of poison
 x - 4 scrolls of magic mapping
 B - a scroll of noise {unknown}
 E - 3 scrolls of teleportation
 K - a scroll of acquirement {unknown}
 M - a scroll of summoning {unknown}
 O - a scroll of silence {unknown}
 R - 7 scrolls of fog
Potions
 d - 5 potions of resistance
 f - a potion of invisibility
 j - a potion of ambrosia
 k - a potion of heal wounds
 p - 11 potions of curing
 w - 2 potions of attraction
 z - 3 potions of berserk rage
 G - a potion of haste
 H - 2 potions of cancellation
 N - a potion of might
 V - a potion of lignification
 X - a potion of flight
Miscellaneous
 m - a phantom mirror
 P - a piece from Xom's chessboard (15/15)


   Skills:
 + Level 12.5 Fighting
 * Level 10.8 Axes
 - Level 12.0 Staves
 - Level 6.0 Throwing
 + Level 11.1 Armour
 + Level 11.5 Dodging
 - Level 5.0 Stealth
 + Level 9.6 Shields
 - Level 7.0 Spellcasting
 - Level 2.0 Conjurations
 - Level 2.0 Transmutations
 - Level 2.0 Fire Magic
 - Level 2.0 Air Magic
 - Level 7.0 Poison Magic
 - Level 8.0 Invocations
 - Level 10.0 Evocations


You had 25 spell levels left.
You knew the following spells:

 Your Spells              Type           Power      Damage    Failure   Level
a - Mephitic Cloud        Conj/Pois/Air  10%        N/A       100%        3
b - Ignite Poison         Fire/Tmut/Pois 10%        N/A       100%        3

Your spell library contained the following spells:

 Spells                   Type           Power      Damage    Failure   Level
 Sting                    Tmut/Pois      48%        1d5       91%         1
 Poisonous Vapours        Pois/Air       24%        N/A       97%         2
 Magic Dart               Conj           28%        1d4       99%         1
 Shock                    Conj/Air       28%        1d4       99%         1
 Apportation              Tloc           6%         N/A       100%        1
 Necrotise                Necr           12%        1d4       100%        1
 Slow                     Hex            12%        N/A       100%        1
 Summon Small Mammal      Summ           12%        N/A       100%        1
 Blink                    Tloc           6%         N/A       100%        2
 Call Imp                 Summ           3%         N/A       100%        2
 Ensorcelled Hibernation  Hex/Ice        6%         N/A       100%        2
 Momentum Strike          Conj/Tloc      10%        3d8       100%        2
 Searing Ray              Conj           14%        2d5       100%        2
 Frozen Ramparts          Ice            6%         1d1       100%        3
 Kindle Blastsparks       Fire/Tloc/Air  12%        2d11      100%        3
 Lesser Beckoning         Tloc           6%         N/A       100%        3
 Swiftness                Air            7%         N/A       100%        3
 Tukima's Dance           Hex            3%         N/A       100%        3
 Airstrike                Air            3%         2d(1-17)  100%        4
 Anguish                  Hex/Necr       1%         N/A       100%        4
 Animate Dead             Necr           3%         N/A       100%        4
 Fulminant Prism          Conj/Hex       2%         3d5       100%        4
 Ice Form                 Ice/Tmut       5%         N/A       100%        4
 Manifold Assault         Tloc           3%         N/A       100%        4
 Olgreb's Toxic Radiance  Pois           17%        N/A       100%        4
 Petrify                  Tmut/Erth      5%         N/A       100%        4
 Summon Ice Beast         Ice/Summ       3%         N/A       100%        4
 Summon Lightning Spire   Summ/Air       5%         N/A       100%        4
 Borgnjor's Vile Clutch   Necr/Erth      1%         N/A       100%        5
 Freezing Cloud           Conj/Ice/Air   3%         6-21      100%        5
 Lightning Bolt           Conj/Air       3%         1d15      100%        5
 Metabolic Englaciation   Hex/Ice        1%         N/A       100%        5
 Death Channel            Necr           1%         N/A       100%        6
 Statue Form              Tmut/Erth      3%         N/A       100%        6
 Haunt                    Necr/Summ      1%         N/A       100%        7
 Storm Form               Tmut/Air       3%         N/A       100%        7
 Infestation              Necr           1%         N/A       100%        8


Dungeon Overview and Level Annotations

Branches:
Dungeon (15/15)            Temple (1/1) D:4            Lair (5/5) D:10
  Swamp (0/4) Lair:3       Spider (0/4) Lair:3        Slime (0/5) Lair:4
    Orc (2/2) D:11            Elf (3/3) Orc:2        Vaults (0/5) D:14
 Depths (0/4) D:15        Volcano (visited)         Gauntlet (visited)

Altars:
Ashenzari
Cheibriados
Dithmenos
Fedhas
Gozag
Hepliaklqana
Kikubaaqudgha
Makhleb
Nemelex Xobeh
Okawaru
Qazlal
Ru
Sif Muna
Trog
Uskayaw
Vehumet
Wu Jian
Xom
Yredelemnul

Shops:
D:2 [![[*   D:4 =   D:12 ====:   Orc:1 *   Orc:2 [![*:

Annotations:
D:6 1 runed translucent door
Lair:1 2 transporters, soul19's ghost, journeyman DsFi


Innate Abilities, Weirdness & Mutations

Your life essence is reduced to manifest your ancestor. (-10% HP)
You have hooves in place of feet.
You are mostly covered in rugged brown scales. (AC +2, +5% HP)
A meltable icy envelope protects you from harm. (AC +8)
You are resistant to unholy torment.
A meltable shield of frost defends you. (SH +4)
Spells you cast may paralyse nearby enemies.
You punish those that try to bend your will. (Will+)
[You are very clumsy. (Dex -4)]
[You are dopey. (Int -2)]
[You are very frail. (-20% HP)]
[You are weak. (Str -2)]
[You sometimes lose the ability to drink potions when taking damage.]


Message History

Unknown command.
You are too injured to fight recklessly!
You barely miss the Executioner. Your kick misses the Executioner.
The Executioner is heavily wounded.
The Executioner hits you but does no damage.
You block the Executioner's attack. The Executioner hits you.
The Executioner hits you!
The Executioner hits you but does no damage.
You block the Executioner's attack. The Executioner closely misses you.
You block the Executioner's attack. The Executioner completely misses you.
The Executioner barely misses you.
The Executioner hits you but does no damage. x2
The Executioner hits you but does no damage.
You block the Executioner's attack. x2; The Executioner hits you!
The Executioner closely misses you. The Executioner misses you.
You miss the Executioner. You kick the Executioner.
The Executioner is severely wounded.
Your +8 broad axe of Eblukeg {spect, rN+} hits the Executioner.
The Executioner closely misses you. The Executioner completely misses you.
The Executioner hits you but does no damage.
You block the Executioner's attack. x2; The Executioner hits you.
* * * LOW HITPOINT WARNING * * *
The Executioner hits you.
* * * LOW HITPOINT WARNING * * *
The Executioner hits you but does no damage. x2
A large abomination comes into view.
The Executioner hits you but does no damage.
The Executioner completely misses you. The Executioner barely misses you.
You cannot drink potions in your current state!
You slice the Executioner!!
The Executioner is almost dead.
Your +8 broad axe of Eblukeg {spect, rN+} hits the Executioner.
The Executioner hits you!
* * * LOW HITPOINT WARNING * * *
The Executioner hits you.
* * * LOW HITPOINT WARNING * * *
You block the Executioner's attack. x2
The Executioner hits you but does no damage.
The Executioner barely misses you. The Executioner hits you!
You die...

#. #..#..# ..###
# #.# ###...# #
.##. .### ..# #..
. ........ # .
... ..†# # . ....
# .. ... ####
...# #..
..##R#.### #..##.
### ...#.#
.#.#.#.# . ####..
.#.#1#R.#.... ##
..#.(@.....X.
#.##.#.#.#.......
# ###.###.......
. ..#.... ## .##
... .. .. .. . ..


You could see the friendly Ferran the battlemage, an Executioner (fast, ally
target), a large abomination and a friendly +8 broad axe of Eblukeg {spect, rN+}
(summoned).

Vanquished Creatures
  Jorgrun (D:13)
  A deep elf master archer (Elf:1)
  Kirke (D:15)
  3 deep elf sorcerers
  An ironbound preserver (D:14)
  3 deep elf annihilators
  A deep elf death mage (Elf:3)
  An ettin (Orc:2)
  Josephine (Orc:1)
  The ghost of Juicyj the Basher, a journeyman MiFi of Gozag (Orc:1)
  The ghost of arthad the Blocker, a journeyman FoFi of Cheibriados (D:11)
  4 ogre magi
  2 hydras
  2 catoblepae
  The ghost of xzight the Covert, a journeyman SpEn of Dithmenos (Lair:2)
  Erica (D:9)
  21 dancing weapons
  6 centaur warriors
  5 boulder beetles
  18 two-headed ogres
  4 death yaks (Lair:5)
  2 tengu warriors (D:14)
  A thrashing horror (Abyss:4)
  2 sun demons (Abyss:4)
  13 deep elf knights
  4 skeletal warriors (D:15)
  A fire crab (Gauntlet)
  A sixfirhy (Abyss:4)
  A wretched star (Abyss:4)
  A deep troll (Orc:2)
  An orb spider (Abyss:4)
  9 deep elf archers
  A swamp dragon (shapeshifter) (Elf:3)
  Pikel (D:7)
  An orc knight (D:11)
  19 deep elf pyromancers
  13 ugly things
  3 orc sorcerers
  5 manticores
  A will-o-the-wisp (Lair:3)
  7 cyclopes
  10 deep elf zephyrmancers
  7 elephants
  A moth of wrath (Gauntlet)
  4 slime creatures
  2 black mambas
  A naga mage (D:15)
  A molten gargoyle (Volcano)
  5 large abominations (Abyss:4)
  3 smoke demons (Abyss:4)
  7 cane toads
  2 gargoyles
  2 centaur skeletons (D:15)
  2 rime drakes
  3 freezing wraiths
  2 komodo dragons
  An efreet (D:9)
  2 tengu conjurers
  A silent spectre (Abyss:4)
  An ancient zyme (Abyss:4)
  A hornet (D:10)
  A polar bear (Lair:5)
  13 trolls
  2 dream sheep (Lair:5)
  4 blink frogs (Lair:5)
  8 raiju (Abyss:4)
  A jumping spider (Lair:3)
  10 flying skulls
  10 starcursed masses (Abyss:4)
  A spriggan (shapeshifter) (D:14)
  A ynoxinul (Abyss:4)
  A centaur simulacrum (D:15)
  6 wraiths
  2 shadows
  A vampire (D:11)
  2 water elementals (Elf:2)
  An air elemental (Elf:2)
  2 wyverns
  43 yaks
  A human (shapeshifter) (D:13)
  A steam dragon (D:8)
  A basilisk (D:14)
  2 redbacks
  3 fire bats (Gauntlet)
  A neqoxec (Abyss:4)
  2 hogs (D:15)
  9 vampire mosquitoes
  5 fire elementals
  Menkaure (D:5)
  2 acid dragons
  4 wargs
  7 water moccasins
  A floating eye (shapeshifter) (Abyss:4)
  3 hell hounds
  2 sky beasts (D:7)
  16 orc warriors
  21 ogres
  A black bear (shapeshifter) (D:14)
  3 black bears
  9 wolves
  A centaur (D:6)
  A lemure (D:6)
  2 phantoms
  3 kobold brigands
  9 bullfrogs
  5 scorpions
  2 gnoll sergeants (D:11)
  2 earth elementals
  3 necrophages
  5 wights (D:8)
  4 small abominations (Abyss:4)
  14 killer bees
  An electric eel (Lair:1)
  5 howler monkeys
  3 jellies (Lair:4)
  Crazy Yiuf (D:2)
  10 orc priests
  2 hounds (Lair:3)
  3 iguanas
  8 orc wizards
  4 hell rats (Lair:3)
  4 adders
  4 gnolls
  2 shadow imps
  2 white imps
  An ufetubus (Abyss:4)
  A worm (D:5)
  A dart slug (D:5)
  52 orcs
  4 endoplasms
  6 giant cockroaches
  3 goblins
  3 hobgoblins
  2 jackals (D:4)
  2 quokkas
  5 ball pythons
  4 bats
  3 frilled lizards
  8 kobolds
  5 rats
628 creatures vanquished.

Vanquished Creatures (collateral kills)
  2 deep elf sorcerers (Elf:3)
  A deep elf elementalist (Elf:3)
  A deep elf annihilator (Elf:3)
  A deep elf demonologist (Elf:3)
  A red draconian (Abyss:4)
  Azrael (D:15)
  A minotaur (Gauntlet)
  A great orb of eyes (Abyss:4)
  Erolcha (D:9)
  2 hydras
  A centaur warrior (D:15)
  2 catoblepae (Lair:5)
  8 dancing weapons
  2 death yaks (Lair:5)
  2 tengu warriors
  A boulder beetle (D:12)
  6 two-headed ogres
  2 thrashing horrors (Abyss:4)
  6 deep elf knights
  A sixfirhy (Abyss:4)
  3 wretched stars (Abyss:4)
  6 deep elf archers
  A wizard (D:15)
  A deep troll (Orc:2)
  7 deep elf pyromancers
  7 ugly things
  A necromancer (D:15)
  8 deep elf zephyrmancers
  An oklob plant (Lair:2)
  An orc knight (Orc:1)
  3 cyclopes
  A manticore (D:11)
  2 elephants (Lair:1)
  A gargoyle (D:13)
  A torpor snail (Lair:5)
  2 cane toads
  A komodo dragon (Lair:5)
  A rime drake (Lair:2)
  An ancient zyme (Abyss:4)
  A troll (D:11)
  A raiju (Abyss:4)
  A dream sheep (Lair:5)
  A starcursed mass (Abyss:4)
  2 flying skulls
  An air elemental (Elf:2)
  A water elemental (Elf:3)
  A shadow (D:11)
  5 wraiths
  A fire elemental (Volcano)
  A ynoxinul (Abyss:4)
  3 fire bats (Gauntlet)
  A neqoxec (Abyss:4)
  9 yaks
  5 vampire mosquitoes
  A steam dragon (D:5)
  2 redbacks (Gauntlet)
  3 acid dragons
  3 water moccasins
  A hell hound (D:15)
  3 large abominations (Abyss:4)
  8 orc warriors
  6 ogres
  3 wolves
  2 centaurs
  2 bullfrogs
  A necrophage (D:5)
  A gnoll sergeant (D:8)
  4 scorpions
  3 wights
  4 killer bees
  A howler monkey (D:11)
  2 hounds
  A gnoll bouda (D:9)
  3 orc priests
  Jessica (D:3)
  2 iguanas
  6 orc wizards
  2 hell rats (Lair:3)
  3 gnolls
  5 adders (D:6)
  A shadow imp (D:6)
  37 orcs
  2 endoplasms (Lair:4)
  A goblin (D:4)
  A jackal (D:4)
  A quokka (D:4)
  3 training dummies (Elf:1)
  A ball python (D:4)
  A frilled lizard (D:3)
  3 kobolds
  2 butterflies
252 creatures vanquished.

Vanquished Creatures (others)
  A smoke demon (Abyss:4)
  A small abomination (Abyss:4)
  2 humans (D:15)
  A hell hound (D:15)
  26 battlemagi
  13 fungi
  35 plants
  4 tentacles (Abyss:4)
83 creatures vanquished.

Grand Total: 963 creatures vanquished

Notes
Turn   | Place    | Note
-------+----------+-------------------------------------------
     0 | D:5      | flotson the Demonspawn Delver began the quest for the Orb.
     0 | D:5      | Reached XP level 1. HP: 18/18 MP: 1/1
     8 | D:5      | Noticed a necrophage
    50 | D:5      | Noticed an ogre
    78 | D:5      | Noticed an iguana
    78 | D:5      | Noticed Menkaure
   137 | D:4      | Noticed a scorpion
   179 | D:4      | Noticed a scorpion
   231 | D:4      | Found a staircase to the Ecumenical Temple.
   237 | Temple   | Entered the Ecumenical Temple
   294 | Temple   | Became a worshipper of Hepliaklqana the Forgotten
   426 | D:4      | Noticed an iguana
   484 | D:4      | Found Qydicife's Jewellery Shop.
   568 | D:2      | Gained mutation: A meltable shield of frost defends you.
                  | (SH +4) [demonic ancestry]
   568 | D:2      | Reached XP level 2. HP: 24/24 MP: 2/2
   586 | D:2      | Got Cehehots's Beginning Course on Thaumaturgy
   589 | D:2      | Found Mittuy's Distillery.
   796 | D:1      | Reached * piety under Hepliaklqana
   881 | D:1      | Reached skill level 1 in Invocations
  1251 | D:2      | Found Salatib's Assorted Antiques.
  1379 | D:2      | Found Tarhes's Armour Boutique.
  1427 | D:2      | Found Piyptod's Antique Armour Shoppe.
  1458 | D:2      | Found a runed translucent door.
  1459 | D:2      | Noticed Crazy Yiuf
  1613 | D:2      | Found Rustenoss's Armour Shoppe.
  1938 | D:2      | Gained mutation: Spells you cast may paralyse adjacent
                  | enemies. [demonic ancestry]
  1938 | D:2      | Reached XP level 3. HP: 26/26 MP: 3/3
  2007 | D:3      | Reached skill level 1 in Evocations
  2070 | D:3      | Reached ** piety under Hepliaklqana
  2071 | D:3      | Remembered your ancestor Ferran as a battlemage
  2081 | D:3      | Noticed an ogre
  2180 | D:2      | Killed Crazy Yiuf
  2181 | D:2      | Reached skill level 1 in Armour
  2181 | D:2      | Gained mutation: You have large cloven feet. [demonic
                  | ancestry]
  2181 | D:2      | Reached XP level 4. HP: 31/31 MP: 3/5
  2259 | D:3      | Killed an ogre
  2260 | D:3      | Gained mutation: You have hoof-like feet. [demonic
                  | ancestry]
  2260 | D:3      | Reached XP level 5. HP: 35/36 MP: 6/6
  2502 | D:3      | Noticed Jessica
  2503 | D:3      | Killed Jessica
  2516 | D:3      | Got Jessica's Compendium of Glamour
  2536 | D:4      | Reached skill level 5 in Stealth
  2624 | D:4      | Gained mutation: A meltable icy envelope protects you from
                  | harm. (AC +8) [demonic ancestry]
  2624 | D:4      | Reached XP level 6. HP: 35/43 MP: 6/8
  2773 | D:2      | Bought a slimy cloak for 209 gold pieces
  2773 | D:2      | Identified the +4 cloak of Nyext {Drain Str+3 Dex+5} (You
                  | bought it in a shop on level 2 of the Dungeon)
  3520 | D:4      | Found a basalt altar of Yredelemnul.
  3647 | D:5      | Killed Menkaure
  3648 | D:5      | Gained mutation: You have hooves in place of feet. [demonic
                  | ancestry]
  3648 | D:5      | Reached XP level 7. HP: 39/48 MP: 9/9
  3894 | D:5      | Noticed a steam dragon
  3898 | D:5      | Killed a steam dragon
  3899 | D:5      | Gained mutation: Spells you cast may paralyse nearby
                  | enemies. [demonic ancestry]
  3899 | D:5      | Reached XP level 8. HP: 33/54 MP: 11/11
  3907 | D:5      | Reached skill level 1 in Throwing
  4040 | D:5      | Reached skill level 5 in Invocations
  4299 | D:5      | Found a large runed translucent door.
  4302 | D:5      | Found a large runed translucent door.
  4321 | D:5      | Found a broken altar of Ashenzari.
  4339 | D:5      | Found an iron altar of Okawaru.
  4453 | D:6      | Reached *** piety under Hepliaklqana
  4549 | D:6      | Found a blossoming altar of Fedhas.
  4564 | D:6      | Found a bloodstained altar of Trog.
  4565 | D:6      | Found an ancient bone altar of Kikubaaqudgha.
  4565 | D:6      | Found an opulent altar of Gozag.
  4566 | D:6      | Found an ornate altar of the Wu Jian Council.
  4614 | D:6      | Reached skill level 5 in Fighting
  4624 | D:6      | Found a burning altar of Makhleb.
  4625 | D:6      | Noticed an angel
  4626 | D:6      | Noticed a balrug
  4716 | D:6      | Found a runed translucent gate.
  4719 | D:6      | Found a runed translucent gate.
  4719 | D:6      | Found a runed translucent gate.
  4731 | D:6      | Found a sacrificial altar of Ru.
  4975 | D:6      | Found the +9 staff of Olgreb {rPois∞}
  4979 | D:6      | Found a runed translucent door.
  5229 | D:6      | Found a runed translucent door.
  5532 | D:7      | Noticed Pikel
  5625 | D:7      | Gained mutation: You are partially covered in rugged brown
                  | scales. (AC +1, +3% HP) [demonic ancestry]
  5625 | D:7      | Reached XP level 9. HP: 52/63 MP: 13/13
  5674 | D:7      | Killed Pikel
  5675 | D:7      | Reached skill level 1 in Staves
  5782 | D:7      | Reached **** piety under Hepliaklqana
  6587 | D:8      | Found a shimmering altar of Xom.
  6633 | D:8      | Reached skill level 5 in Dodging
  6633 | D:8      | Reached skill level 5 in Evocations
  6655 | D:8      | Noticed a two-headed ogre
  6801 | D:8      | Killed a two-headed ogre
  6813 | D:8      | Gained mutation: You are mostly covered in rugged brown
                  | scales. (AC +2, +5% HP) [demonic ancestry]
  6813 | D:8      | Reached XP level 10. HP: 56/72 MP: 15/15
  6902 | D:8      | Reached skill level 5 in Armour
  6919 | D:8      | Noticed a two-headed ogre
  7382 | D:8      | Killed a two-headed ogre
  7620 | D:2      | Bought a +2 scale mail of poison resistance for 234 gold
                  | pieces
  7898 | D:6      | Reached skill level 1 in Shields
  8033 | D:9      | Noticed Erica
  8067 | D:9      | Killed Erica
  8151 | D:9      | Noticed a two-headed ogre
  8157 | D:9      | Killed a two-headed ogre
  8158 | D:9      | Reached XP level 11. HP: 79/79 MP: 17/17
  8220 | D:9      | Noticed Erolcha
  8229 | D:9      | Killed Erolcha
  8302 | D:9      | Reached skill level 5 in Staves
  8684 | D:9      | Reached skill level 5 in Throwing
  8963 | D:10     | Entered Level 10 of the Dungeon
  9205 | D:10     | Noticed a two-headed ogre
  9211 | D:10     | Killed a two-headed ogre
  9359 | D:10     | Found a staircase to the Lair.
  9377 | D:10     | Identified the +1 hat "Kyseem" {Dex+3}
  9601 | D:10     | Reached ***** piety under Hepliaklqana
  9769 | D:10     | Learned a level 3 spell: Mephitic Cloud
  9780 | Lair:1   | Entered Level 1 of the Lair of Beasts
  9836 | Lair:1   | Reached skill level 1 in Conjurations
  9836 | Lair:1   | Reached skill level 1 in Poison Magic
  9843 | Lair:1   | Reached skill level 1 in Spellcasting
  9845 | Lair:1   | Reached skill level 1 in Air Magic
  9911 | Lair:1   | Reached XP level 12. HP: 87/87 MP: 18/18
 10026 | Lair:1   | Found a transporter.
 10031 | Lair:1   | Noticed soul19's ghost (journeyman DsFi)
 10062 | Lair:1   | Found a transporter.
 10550 | Lair:1   | Found a bloodstained altar of Trog.
 10767 | Lair:2   | Found a runed translucent door.
 10768 | Lair:2   | Found a shimmering altar of Xom.
 10768 | Lair:2   | Noticed xzight's ghost (journeyman SpEn)
 10780 | Lair:2   | Found a sparkling altar of Nemelex Xobeh.
 10804 | Lair:2   | Noticed a catoblepas
 10818 | Lair:2   | Killed a catoblepas
 11227 | Lair:2   | Reached skill level 10 in Staves
 11227 | Lair:2   | Reached XP level 13. HP: 93/93 MP: 19/19
 11668 | Lair:2   | Killed xzight's ghost
 11950 | D:2      | Bought a fizzy inky potion for 22 gold pieces
 11950 | D:2      | Bought a scroll labelled CYNNIE NAAQ MOQ for 25 gold pieces
 11950 | D:2      | Bought a scroll labelled ZYEGYEM KUUSK for 25 gold pieces
 12047 | D:2      | Bought a runed ring mail for 154 gold pieces
 12469 | Lair:3   | Found a staircase to the Swamp.
 12654 | Lair:3   | Found a hole to the Spider Nest.
 13388 | Lair:4   | Reached ****** piety under Hepliaklqana
 13734 | Lair:4   | Found a runed translucent door.
 13735 | Lair:4   | Found a staircase to the Slime Pits.
 14274 | Lair:5   | Entered Level 5 of the Lair of Beasts
 14479 | Lair:5   | Gained mutation: You punish those that try to bend your
                  | will. (Will+) [demonic ancestry]
 14479 | Lair:5   | Reached XP level 14. HP: 90/100 MP: 17/20
 14676 | Lair:5   | Reached skill level 5 in Shields
 14702 | Lair:5   | Identified the +2 long sword of the Magi {flame, rN+}
 14791 | Lair:5   | Identified the +5 flail "Ywubinaf" {venom, *Corrode rElec
                  | rPois}
 15576 | D:11     | Learned a level 3 spell: Ignite Poison
 15604 | D:11     | Found a staircase to the Orcish Mines.
 16043 | D:11     | Found a runed translucent gate.
 16044 | D:11     | Found a runed translucent gate.
 16045 | D:11     | Found a runed translucent gate.
 16046 | D:11     | Noticed arthad's ghost (journeyman FoFi)
 16221 | D:11     | Reached skill level 1 in Fire Magic
 16248 | D:11     | Reached skill level 1 in Transmutations
 16692 | D:11     | Killed arthad's ghost
 16828 | D:12     | Found Micun's Jewellery Shoppe.
 16836 | D:12     | Found a gate leading to a gauntlet.
 16854 | Gauntlet | Entered a Gauntlet
 16854 | Gauntlet | Found a transporter.
 16854 | Gauntlet | Found a transporter.
 16854 | Gauntlet | Found a large runed translucent door.
 16854 | Gauntlet | Found a large runed translucent door.
 16854 | Gauntlet | Found a large runed translucent door.
 16854 | Gauntlet | Found a large runed translucent door.
 16854 | Gauntlet | Found a large runed translucent door.
 16854 | Gauntlet | Found a large runed translucent door.
 16854 | Gauntlet | Found a runed translucent door.
 16854 | Gauntlet | Found a runed translucent door.
 16854 | Gauntlet | Found a large runed translucent door.
 16854 | Gauntlet | Found a large runed translucent door.
 16854 | Gauntlet | Found a large runed translucent door.
 16854 | Gauntlet | Found a large runed translucent door.
 16854 | Gauntlet | Found a large runed translucent door.
 16854 | Gauntlet | Found a large runed translucent door.
 16858 | Gauntlet | Found a transporter.
 16858 | Gauntlet | Found a transporter.
 16859 | Gauntlet | Found a large runed translucent door.
 16859 | Gauntlet | Found a large runed translucent door.
 16859 | Gauntlet | Found a large runed translucent door.
 16859 | Gauntlet | Found a large runed translucent door.
 16863 | Gauntlet | Found a runed translucent gate.
 16863 | Gauntlet | Found a runed translucent gate.
 16863 | Gauntlet | Found a runed translucent gate.
 16868 | Gauntlet | Found a transporter.
 16878 | Gauntlet | Found a transporter.
 16878 | Gauntlet | Found a transporter.
 16882 | Gauntlet | Found a transporter.
 16909 | Gauntlet | Found a transporter.
 16916 | Gauntlet | Found a transporter.
 16934 | Gauntlet | Found a transporter.
 16956 | Gauntlet | Found a transporter.
 16999 | Gauntlet | Found a transporter.
 17021 | Gauntlet | Found a transporter.
 17115 | Gauntlet | Found a transporter.
 17129 | Gauntlet | Found a transporter.
 17457 | Gauntlet | Identified the +8 broad axe of Eblukeg {spect, rN+}
 17457 | Gauntlet | Identified the +4 ring mail of Gallantry {rPois Dex+4
                  | Slay+2}
 17471 | Gauntlet | Got the Tome of Glamour
 17541 | D:12     | Reached skill level 5 in Poison Magic
 17651 | D:12     | Found Giciof's Jewellery Emporium.
 17702 | D:12     | Bought an amulet of guardian spirit for 420 gold pieces
 17891 | D:12     | Found Ycloarph's Jewellery Boutique.
 17920 | D:12     | Found Xypisa's Jewellery Emporium.
 17921 | D:12     | Found Daceq's Book Boutique.
 18454 | D:13     | Noticed Jorgrun
 18467 | D:13     | Killed Jorgrun
 18625 | D:13     | Reached XP level 15. HP: 108/108 MP: 22/22
 18880 | D:13     | Reached skill level 5 in Spellcasting
 19198 | D:14     | Reached skill level 5 in Axes
 19373 | D:14     | Found a basalt altar of Yredelemnul.
 19602 | D:14     | Found a gate to the Vaults.
 19727 | D:14     | Found a hazy altar of Hepliaklqana.
 20012 | D:14     | Identified the +3 scimitar of Osinoh {freeze, rN+ Int-5
                  | Dex+2}
 20385 | D:15     | Entered Level 15 of the Dungeon
 20419 | D:15     | Noticed Azrael
 20426 | D:15     | Killed Azrael
 20530 | D:15     | Reached skill level 10 in Fighting
 20879 | D:15     | Noticed Kirke
 20887 | D:15     | Killed Kirke
 21364 | D:15     | Gained mutation: You are resistant to unholy torment.
                  | [demonic ancestry]
 21364 | D:15     | Reached XP level 16. HP: 109/116 MP: 23/25
 21449 | D:15     | Found a staircase to the Depths.
 21736 | Orc:1    | Entered Level 1 of the Orcish Mines
 21747 | Orc:1    | Reached skill level 10 in Evocations
 21773 | Orc:1    | Found a dark tunnel.
 21880 | Volcano  | Entered a volcano
 22128 | Orc:2    | Entered Level 2 of the Orcish Mines
 22156 | Orc:2    | Found Wocaf's Antique Armour Shoppe.
 22175 | Orc:2    | Found a staircase to the Elven Halls.
 22892 | Orc:2    | Found Fointi's General Store.
 22942 | Orc:2    | Found Nirinou's Book Emporium.
 22944 | Orc:2    | Found Kefanuf's Distillery.
 22954 | Orc:2    | Found Nebiddia's Armour Shop.
 23232 | Orc:1    | Noticed Josephine
 23238 | Orc:1    | Killed Josephine
 23311 | Orc:1    | Found Goecenuj's Goods Gallery.
 23319 | Orc:1    | Found a large runed translucent door.
 23323 | Orc:1    | Found a large runed translucent door.
 23344 | Orc:1    | Noticed Juicyj's ghost (journeyman MiFi)
 23356 | Orc:1    | Bought +0 gold dragon scales for 1040 gold pieces
 23551 | Orc:1    | Killed Juicyj's ghost
 23575 | Orc:1    | Identified the ring "Zotubet" {Fly rN+ EV+4 Str+3}
 23662 | Elf:1    | Entered Level 1 of the Elven Halls
 23672 | Elf:1    | Reached skill level 10 in Dodging
 24921 | Elf:1    | Noticed a deep elf master archer
 24926 | Elf:1    | Killed a deep elf master archer
 24928 | Elf:1    | Identified the +5 long sword "Tuich" {holy, Fly rElec
                  | Dex-5}
 24933 | Elf:1    | Reached skill level 10 in Armour
 25121 | Abyss:4  | Found a sparkling altar of Nemelex Xobeh.
 25121 | Abyss:4  | Found a radiant altar of Vehumet.
 25121 | Abyss:4  | Found a broken altar of Ashenzari.
 25121 | Abyss:4  | Found an opulent altar of Gozag.
 25121 | Abyss:4  | Found a burning altar of Makhleb.
 25121 | Abyss:4  | Found a shimmering blue altar of Sif Muna.
 25121 | Abyss:4  | Found a burning altar of Makhleb.
 25121 | Abyss:4  | Found a bloodstained altar of Trog.
 25121 | Abyss:4  | Cast into level 4 of the Abyss (a deep elf sorcerer)
 25123 | Abyss:4  | Found a basalt altar of Yredelemnul.
 25123 | Abyss:4  | Found a hide-covered altar of Uskayaw.
 25123 | Abyss:4  | Found a shimmering altar of Xom.
 25125 | Abyss:4  | Found a shadowy altar of Dithmenos.
 25125 | Abyss:4  | Found an ancient bone altar of Kikubaaqudgha.
 25125 | Abyss:4  | Found an iron altar of Okawaru.
 25125 | Abyss:4  | Found a hazy altar of Hepliaklqana.
 25131 | Abyss:4  | Found a stormy altar of Qazlal.
 25131 | Abyss:4  | Found a snail-covered altar of Cheibriados.
 25131 | Abyss:4  | Found an ornate altar of the Wu Jian Council.
 25145 | Abyss:4  | Noticed a kraken
 25157 | Abyss:4  | Found a corrupted altar of Lugonu.
 25158 | Abyss:4  | Noticed a lich
 25163 | Abyss:4  | Noticed a walking frostbound tome
 25291 | Abyss:4  | Found a corrupted altar of Lugonu.
 25291 | Abyss:4  | Noticed a bone dragon
 25515 | Abyss:4  | Found a corrupted altar of Lugonu.
 25614 | Abyss:4  | Gained mutation: A meltable icy envelope protects you from
                  | harm. (AC +8) [demonic ancestry]
 25614 | Abyss:4  | Reached XP level 17. HP: 106/124 MP: 25/27
 25809 | Elf:1    | Escaped the Abyss
 26508 | Elf:2    | Paralysed by an air elemental for 1 turns
 26897 | Elf:2    | Found a huge runed translucent gate.
 26897 | Elf:2    | Found a huge runed translucent gate.
 26897 | Elf:2    | Found a huge runed translucent gate.
 26897 | Elf:2    | Found a huge runed translucent gate.
 26899 | Elf:2    | Found a huge runed translucent gate.
 27523 | Elf:2    | Reached skill level 10 in Axes
 28093 | Elf:3    | Entered Level 3 of the Elven Halls
 28551 | Elf:3    | Identified the +7 eveningstar of the Vendetta {elec, rElec
                  | rPois rF- rC+++}
 28556 | Elf:3    | Identified the +4 quarterstaff of the Establishment
                  | {freeze, rPois rC- Dex+8 Stlth+}
 28559 | Elf:3    | Noticed a deep elf blademaster
 28559 | Abyss:4  | Cast into level 4 of the Abyss (a deep elf demonologist)
 28657 | Abyss:4  | Reached XP level 18. HP: 128/133 MP: 28/28
 28767 | Abyss:4  | Slain by an Executioner

Illustrated notes

Levels and vault maps discovered:
D:1:      minmay_arrival_loop, layout_basic
D:2:      layout_loops_ring, serial_shops, shop, shop, shop,
          nicolae_shop_waterfront, shop_statue, uniq_crazy_yiuf_cottage
D:3:      layout_rooms, kennysheep_jessica_study, uniq_jessica
D:4:      layout_layer_cave, marbit_many_paths, minmay_temple_entry_butterflies,
          serial_shops, shop, serial_bayou_lagoon_b
D:5:      minmay_angry_zag, layout_loops_ring, jmf_multi_god_temple2,
          item_on_display_a, uniq_menkaure
D:6:      layout_layer_cave, grunt_temple_overflow_order_and_chaos_2,
          chequers_temple_overflow_statue_of_worship, fedhas_altar_2,
          hangedman_ru_absence, minmay_guarded_unrand_staff_of_olgreb
D:7:      layout_loops_ring, uniq_pikel
D:8:      minmay_s_stair_smasher, layout_basic, kennysheep_little_box,
          mainiacjoe_overflow_24_doors
D:9:      layout_loops_ring, onia_ninara_dug_in_and_dangerous, uniq_erolcha,
          uniq_erica
D:10:     layout_loops_ring, lair_entry_dummy
D:11:     minmay_polygon_palace, layout_rooms, david_orc_2, special_room
          [special_room_orc], biasface_ghost_orc_armoury, st_stairs_4
D:12:     layout_stronghold, serial_shops, nicolae_shop_crystal,
          nicolae_shop_advertising_works [nicolae_subvault_shop_adworks], shop,
          shop, shop, gauntlet_entry_generic, kennysheep_small_square
D:13:     layout_roguey, uniq_jorgrun
D:14:     layout_stronghold, skrybe_vaults_entry_preservation,
          yredelemnul_altar_generic, nicolae_hepliaklqana_hippocampus
D:15:     grunt_enter_depths_magical_seal, layout_basic, uniq_kirke, uniq_azrael
Temple:   kb_temple_of_zot
Lair:1:   layout_cave_shapes, gammafunk_ghost_wrathful_warriors, minmay_holes,
          serial_bayou_shore_a, grunt_megastairs_5
Lair:2:   layout_regular_city, ebering_ghost_xom,
          chequers_serial_rivers_micro_e, lemuel_oklob_altar, grunt_megastairs_4
Lair:3:   beast_lair_carwin_large_1, layout_regular_city,
          minmay_swamp_entry_wisps, spider_nest_entry_a
Lair:4:   layout_cellular_growth, slime_entry_2, nicolae_lair_grove_arrangements
Lair:5:   evilmike_catoblepas_cave, layout_misc_corridors, serial_bayou_shore_b,
          lemuel_fruit_fields
Orc:1:    layout_diamond_mine, ebering_ghost_disaster_area,
          nicolae_volcano_entry_two_sided, nicolae_alphabet_shops,
          uniq_josephine
Orc:2:    st_orc_open, layout_diamond_mine, serial_shops, shop
Elf:1:    nicolae_elf_arrival_fired_up, layout_onion_city,
          hangedman_elven_crosses_minicolossus, nicolae_elf_archery_training
Elf:2:    elven_hall_of_blades_hangedman_alternative
          [nooodl_blade_entry_preview], layout_loops_cross
Elf:3:    grunt_elf_hall_asides, layout_loops_corners,
          hellmonk_bongcloud_opening
Abyss:4:  base: D:15, evilmike_abyss_exit_kraken, abyss_greek_temple,
          doesnt_abyss_rune_brain_food, hangedman_abyss_town,
          evilmike_abyss_exit_15, nicolae_abyss_rune_star_stuff,
          evilmike_abyss_exit_15, guppyfry_abyss_exit_glass_guarded,
          evilmike_nicolae_abyss_rune_containment_curve, minivault_1, base:
          D:11, spicy_abyss_planar_alliance, eino_small_chamber_without_monster

Skill      XL: |  1  2  3  4  5  6  7  8  9 10 11 12 13 14 15 16 17 |
---------------+----------------------------------------------------+-----
Dodging        | 2 3 4 5 6 7 8 9 10 11 | 11.5
Axes           | 2 3 4 6 8 10 | 10.8
Invocations    | 1 2 3 4 5 7 8 |  8.0
Evocations     | 1 2 3 4 5 6 7 8 9 10 | 10.0
Armour         | 1 2 3 4 5 6 7 8 9 10 11 | 11.1
Stealth        | 5 |  5.0
Fighting       | 4 5 6 7 8 9 10 11 12 | 12.5
Throwing       | 2 3 4 5 6 |  6.0
Staves         | 2 4 6 10 11 12 | 12.0
Shields        | 1 3 4 5 7 8 9 |  9.6
Conjurations   | 1 2 |  2.0
Poison Magic   | 1 2 3 5 6 7 |  7.0
Spellcasting   | 1 3 4 6 7 |  7.0
Air Magic      | 1 2 |  2.0
Fire Magic     | 2 |  2.0
Transmutations | 2 |  2.0

Action                   |  1- 3 |  4- 6 |  7- 9 | 10-12 | 13-15 | 16-18 || total
-------------------------+-------+-------+-------+-------+-------+-------++-------
Melee: Trident           |    82 |       |       |       |       |       ||    82
       Long sword        |     3 |       |       |       |       |       ||     3
       Quarterstaff      |       |    36 |    94 |    37 |       |       ||   167
       Kick              |       |     7 |    35 |   121 |   294 |   218 ||   675
       War axe           |       |       |    23 |    56 |       |       ||    79
       Staff             |       |       |       |   167 |   519 |       ||   686
       Broad axe         |       |       |       |       |   200 |   481 ||   681
Throw: Javelin           |       |       |     6 |     3 |       |       ||     9
Invok: Ancestor Life: Ba |     1 |       |       |       |       |       ||     1
       Recall Ancestor   |       |       |       |     3 |       |     2 ||     5
 Abil: Evoke the Staff o |       |       |       |    15 |     9 |       ||    24
Evoke: Wand              |       |       |       |     3 |       |     4 ||     7
  Use: Scroll            |     2 |       |       |    10 |    12 |    11 ||    35
       Potion            |     1 |       |       |     4 |       |     8 ||    13
 Stab: Sleeping          |    11 |     3 |     6 |     1 |     7 |       ||    28
       Petrifying        |       |       |     1 |       |       |       ||     1
       Distracted        |       |       |       |     6 |    21 |    15 ||    42
Armor: Leather armour    |     6 |       |       |       |       |       ||     6
       Ring mail         |    24 |    10 |    51 |    14 |    98 |    10 ||   207
       Scale mail        |       |       |       |    64 |    83 |    28 ||   175
       Acid dragon scale |       |       |       |       |    45 |       ||    45
       Gold dragon scale |       |       |       |       |       |   191 ||   191
Dodge: Dodged            |    41 |    19 |    69 |   118 |   426 |   318 ||   991
Block: Other             |     6 |     1 |    20 |     9 |       |       ||    36
       Buckler           |       |       |       |   118 |   291 |       ||   409
       Reflection        |       |       |       |     1 |    20 |    44 ||    65
       Kite shield       |       |       |       |       |   218 |   460 ||   678

Table legend: (Time is in decaauts)
 A = Elapsed time spent in this place.
 B = Non-inter-level travel time spent in this place.
 C = Inter-level travel time spent in this place.
 D = Time resting spent in this place.
 E = Time spent auto-exploring this place.
 F = Levels seen in this place.
 G = Mean time per level.
                   A        B        C        D        E       F      G
               +--------+--------+--------+--------+--------+-----+--------+
         Total |  29040 |  26888 |   2152 |    682 |  20914 |  30 |  968.0 |
       Dungeon |  15973 |  14379 |   1594 |    418 |  11189 |  15 | 1064.9 |
        Temple |     97 |     88 |      9 |      0 |     75 |   1 |   97.0 |
          Lair |   5097 |   4772 |    325 |      0 |   4102 |   5 | 1019.4 |
  Orcish Mines |   1914 |   1743 |    171 |    211 |   1144 |   2 |  957.0 |
   Elven Halls |   4164 |   4112 |     52 |      3 |   3399 |   3 | 1388.0 |
         Abyss |    962 |    962 |      0 |      6 |    527 |   2 |  481.0 |
       Volcano |    191 |    191 |      0 |      0 |    125 |   1 |  191.0 |
      Gauntlet |    638 |    638 |      0 |     44 |    351 |   1 |  638.0 |
               +--------+--------+--------+--------+--------+-----+--------+

Top non-repeatable levels by time:
   Elf:2: 1875 daAuts
   Elf:1: 1815 daAuts
     D:6: 1514 daAuts
     D:4: 1442 daAuts
    D:15: 1329 daAuts
    D:14: 1255 daAuts
   Orc:2: 1249 daAuts
    D:11: 1174 daAuts
     D:2: 1165 daAuts
  Lair:2: 1102 daAuts
     D:8: 1099 daAuts
     D:5: 1076 daAuts
  Lair:3: 1045 daAuts
     D:9: 1045 daAuts
  Lair:5: 1042 daAuts
